 Dungeon Crawl Stone Soup version 0.29.1-14-g9c671dbff4 (webtiles) character file.

Game seed: 7837066471830205916

95995 croobank the Covert (level 15, -6/125 HPs)
             Began as a Demigod Ice Elementalist on Feb 13, 2023.
             Mangled by a broodmother (23 damage)
             ... on level 1 of the Spider Nest.
             The game lasted 02:35:27 (42201 turns).

croobank the Covert (Demigod Ice Elementalist)     Turns: 42201, Time: 02:35:27

Health: -6/125     AC: 23    Str:  9    XL:     15   Next: 24%
Magic:  8/32       EV: 15    Int: 41    God:
Gold:   1465       SH:  7    Dex: 14    Spells: 1/31 levels left

rFire   + . .      SeeInvis +   z - +5 demon trident (vamp)
rCold   + . .      Faith    .   O - +2 buckler
rNeg    + . .      Spirit   .   H - +1 leather armour "Tuineur" {+Inv rElec rC+ rN+}
rPois   +          Reflect  .   b - +2 hat
rElec   +          Harm     .   E - +2 cloak {Stlth+}
rCorr   .          Rampage  .   C - +1 pair of gloves
Will    +....                   K - +2 pair of boots of Aptaq {Int+4 SInv}
Stlth   ++........              S - amulet of magic regeneration
HPRegen 0.30/turn               Z - ring of protection from fire
MPRegen 0.63/turn               G - ring of poison resistance

@: ice-armoured, very slightly contaminated, glowing
A: high MP 1, forlorn, divine attributes, subdued magic 1
a: Evoke Invisibility


You were on level 1 of the Spider Nest.
You visited 4 branches of the dungeon, and saw 23 of its levels.

You collected 2672 gold pieces.
You spent 1207 gold pieces at shops.

Inventory:

Hand Weapons
 p - a +0 war axe of venom
 s - a +0 broad axe
 y - a +4 scimitar of flaming
 z - a +5 vampiric demon trident (weapon)
 B - a +2 war axe of freezing
 F - the +1 mace "Horuju" {vorpal, *Corrode rF+ Str+3}
   (You found it on level 5 of the Lair of Beasts)

   It inflicts extra damage upon your enemies.
   Str:       It affects your strength (+3).
   rF:        It protects you from fire.
   *Corrode:  It may corrode you when you take damage.
 P - the +8 Wrath of Trog {antimagic, *Rage Rampage}
   (You found it on level 13 of the Dungeon)

   It reduces the magical energy of the wielder, and disrupts the spells and
   magical abilities of those it strikes.
   Natural abilities and divine invocations are not affected.
   It causes slowness and exhaustion when equipped.
   It extends the wielder's berserk rage when killing foes.
   *Rage:     It berserks you when you make melee attacks (+50% chance).
   Rampage:   It bestows one free step when moving towards enemies.
 U - a +2 short sword of holy wrath
Missiles
 r - 6 javelins (quivered)
Armour
 b - a +2 hat (worn)
 C - a +1 pair of gloves (worn)
 E - a +2 cloak of stealth (worn)
 H - the +1 leather armour "Tuineur" (worn) {+Inv rElec rC+ rN+}
   (You found it on level 6 of the Dungeon)

   rC:        It protects you from cold.
   rElec:     It insulates you from electricity.
   rN:        It protects you from negative energy.
   +Inv:      It lets you turn invisible.
 K - the +2 pair of boots of Aptaq (worn) {Int+4 SInv}
   (You bought it in a shop on level 1 of the Dungeon)

   Int:       It affects your intelligence (+4).
   SInv:      It lets you see invisible.
 O - a +2 buckler (worn)
Jewellery
 A - a +4 ring of evasion
 D - a ring of wizardry
 G - a ring of poison resistance (right hand)
 S - an amulet of magic regeneration (around neck)
 T - a +4 ring of evasion
 W - a ring of see invisible
 X - a ring of flight
 Z - a ring of protection from fire (left hand)
Wands
 k - a wand of digging (7)
 o - a wand of mindburst (1)
 x - a wand of flame (32)
 I - a wand of roots (2)
 Q - a wand of paralysis (6)
 Y - a wand of quicksilver (5)
Scrolls
 a - 4 scrolls of fog
 c - 2 scrolls of magic mapping
 d - 2 scrolls of immolation
 e - 4 scrolls of teleportation
 g - 5 scrolls of vulnerability
 t - 4 scrolls of silence
 L - a scroll of fear
 N - 5 scrolls of identify
Potions
 f - a potion of ambrosia
 h - 2 potions of invisibility
 i - 7 potions of mutation
 j - 3 potions of brilliance
 l - 7 potions of curing
 m - 4 potions of resistance
 u - 5 potions of attraction
 v - a potion of haste
 w - 6 potions of lignification
 J - 3 potions of cancellation
 R - a potion of berserk rage
 V - 5 potions of flight
Miscellaneous
 n - a tin of tremorstones (2/2)


   Skills:
 + Level 9.4 Fighting
 - Level 9.5(9.8) Axes
 - Level 3.3(6.9) Polearms
 - Level 3.0 Armour
 + Level 9.3 Dodging
 + Level 10.2 Stealth
 - Level 3.0 Shields
 + Level 8.6 Spellcasting
 + Level 8.6 Conjurations
 + Level 3.0 Hexes
 * Level 5.9 Summonings
 + Level 9.9 Ice Magic
 + Level 6.8 Air Magic
 + Level 1.5 Poison Magic


You had one spell level left.
You knew the following spells:

 Your Spells              Type           Power      Damage    Failure   Level
a - Freeze                Ice            100%       1d11      1%          1
b - Frozen Ramparts       Ice            100%       1d16      1%          3
c - Ozocubu's Armour      Ice            66%        N/A       1%          3
d - Hailstorm             Conj/Ice       64%        3d14      1%          4
e - Summon Ice Beast      Ice/Summ       59%        N/A       1%          4
f - Freezing Cloud        Conj/Ice/Air   30%        6-21      2%          5
g - Slow                  Hex            100%       N/A       1%          1
h - Irradiate             Conj/Tmut      20%        3d18      13%         5
i - Olgreb's Toxic Radia  Pois           23%        N/A       16%         4

Your spell library contained the following spells:

 Spells                   Type           Power      Damage    Failure   Level
 Sting                    Tmut/Pois      72%        1d6       1%          1
 Apportation              Tloc           26%        N/A       2%          1
 Beastly Appendage        Tmut           26%        N/A       2%          1
 Static Discharge         Conj/Air       58%        3-11/arc  1%          2
 Dazzling Flash           Conj/Hex       100%       N/A       1%          3
 Confusing Touch          Hex            33%        N/A       2%          3
 Tukima's Dance           Hex            33%        N/A       2%          3
 Ice Form                 Ice/Tmut       44%        N/A       3%          4
 Portal Projectile        Hex/Tloc       46%        N/A       4%          3
 Sticky Flame             Conj/Fire      40%        2d6       4%          4
 Vampiric Draining        Necr           13%        2d6       9%          3
 Silence                  Hex/Air        22%        N/A       10%         5
 Summon Mana Viper        Hex/Summ       41%        N/A       13%         5
 Summon Forest            Summ/Tloc      16%        N/A       24%         5
 Dispel Undead            Necr           13%        3d9       30%         4
 Summon Cactus Giant      Summ           25%        N/A       38%         6
 Ozocubu's Refrigeration  Ice            33%        4d14      38%         7
 Alistair's Intoxication  Tmut/Pois      12%        N/A       52%         5
 Agony                    Necr           13%        N/A       63%         5
 Blade Hands              Tmut           6%         N/A       63%         5
 Borgnjor's Vile Clutch   Necr/Erth      6%         N/A       63%         5
 Statue Form              Tmut/Erth      8%         N/A       99%         6
 Dragon Form              Tmut           6%         N/A       100%        7
 Storm Form               Tmut/Air       17%        N/A       100%        7
 Ignition                 Fire           6%         3d4       100%        8
 Shatter                  Erth           6%         3d9*      100%        9


Dungeon Overview and Level Annotations

Branches:
Dungeon (15/15)            Temple (0/1) D:7            Lair (5/5) D:11
 Shoals (0/4) Lair:2       Spider (1/4) Lair:2        Slime (0/5) Lair:4
    Orc (2/2) D:12            Elf (0/3) Orc:2        Vaults (0/5) D:13
 Depths (0/4) D:15

Shops:
D:1 (::*[   D:9 [   D:12 [(   Orc:2 ([*:

Annotations:
D:6 2 transporters, zeram's ghost, amateur GnNe
Lair:4 exclusion: 3 oklob plants


Innate Abilities, Weirdness & Mutations

You have an increased reservoir of magic. (+10% MP)
You shall have no god before yourself.
Your divine heritage dramatically boosts your attributes as you level up.
Your spells are a little easier to cast, but a little less powerful.


Message History

Aiming: Freeze (safe; 1% risk of failure)
Press: ? - help, Shift-Dir - straight line, f/p - sun moth
Aim: a sun moth (severely wounded, haloed)
You freeze the sun moth.
The sun moth is severely wounded.
You are covered in liquid flames!
The jumping spider is engulfed in freezing vapours.
The broodmother is healed somewhat.
The sun moth bites you. You block the wolf spider's attack.
The wolf spider bites you but does no damage.
The jumping spider is engulfed in freezing vapours.
The heat melts your icy armour.
Casting: Freeze (safe; 1% risk of failure)
Confirm with . or Enter, or press ? or * to list all spells.
You miscast Irradiate.
You are very lightly contaminated with residual magic.
A wave of violent energy washes through your body!
You are covered in liquid flames!
You are no longer on fire.
The culicivora bites you but does no damage.
The jumping spider pounces on you but does no damage.
You block the jumping spider's attack. The sun moth bites you!
The wolf spider hits you! The wolf spider misses you.
The heat melts your icy armour.
Your icy armour will break if you move.
Continue?
You block the broodmother's attack. The jumping spider misses you.
The jumping spider bites you but does no damage.
The culicivora bites you but does no damage.
The wolf spider hits you!
* * * LOW HITPOINT WARNING * * *
The wolf spider barely misses you. The sun moth throws energy at you.
The bolt of energy hits you!
* * * LOW HITPOINT WARNING * * *
The jumping spider pounces on you but does no damage.
The jumping spider closely misses you. The wolf spider barely misses you.
The wolf spider bites you.
* * * LOW HITPOINT WARNING * * *
The broodmother is healed somewhat.
The broodmother bites you!!
You die...

## #.####. #....~~..
#~.......
####^.........
##.#.§§#.......
###....§§§..#....
#~..ss☼§§§§......
####..†@y§§§§......#
#~≈~...ss[§°.§......
#.#≈~.....#§§○§......
#...#.....†.○§§.#...
#~.........§##[(.....
≈~~#......#...[....>?
~~......^.......#....
~.......#...[.... ...
~..#.......#....s .#


You could see a broodmother, a sun moth, a wolf spider (summoned), a culicivora
(summoned) and a jumping spider (summoned).

Vanquished Creatures
  Saint Roka (Orc:2)
  Rupert (D:14)
  Roxanne (D:15)
  4 vault guards (D:13)
  3 boulder beetles
  3 ogre magi
  4 hydras
  2 radroaches (Spider:1)
  3 catoblepae (Lair:5)
  5 centaur warriors
  5 two-headed ogres
  5 death yaks (Lair:5)
  2 orc high priests
  4 spriggan berserkers (D:13)
  A fire crab (Lair:5)
  A pharaoh ant (Spider:1)
  Lodul (D:13)
  An orb spider (Spider:1)
  3 wizards
  Pikel (D:5)
  A necromancer (D:15)
  2 deep elf pyromancers (D:11)
  A deep elf zephyrmancer (D:11)
  4 orc knights (Orc:2)
  2 ugly things (D:15)
  7 orc sorcerers
  2 wolf spiders (Spider:1)
  4 manticores
  6 cyclopes
  2 black mambas
  4 elephants (Lair:1)
  A centaur zombie (D:15)
  2 centaur skeletons (D:15)
  2 naga magi (D:15)
  14 cane toads
  2 unseen horrors (D:12)
  2 torpor snails
  A rime drake (shapeshifter) (D:15)
  Psyche (D:9)
  A freezing wraith (D:14)
  3 gargoyles
  8 rime drakes
  4 komodo dragons
  4 yaktaurs (D:13)
  2 tengu conjurers (D:15)
  An efreet (D:14)
  4 demonic crawlers
  A meliai (shapeshifter) (D:14)
  A polar bear (Lair:5)
  A wind drake (shapeshifter) (D:15)
  6 meliai
  2 hornets (Orc:1)
  5 trolls
  14 slime creatures
  5 tarantellas (Spider:1)
  A blink frog (shapeshifter) (D:15)
  9 jumping spiders (Spider:1)
  6 culicivoras
  A spriggan (shapeshifter) (D:13)
  2 wraiths (D:11)
  Sigmund (D:6)
  49 yaks
  3 wyverns
  A shadow (D:5)
  6 humans (D:13)
  A golden eye (shapeshifter) (D:15)
  A basilisk (Lair:3)
  7 vampire mosquitoes
  10 redbacks (Spider:1)
  An acid dragon (D:9)
  5 wargs
  10 water moccasins
  Duvessa (D:4)
  A floating eye (Orc:1)
  4 black bears
  An ice beast (D:8)
  A sky beast (D:8)
  16 ogres
  28 orc warriors
  21 centaurs
  9 wolves
  A lemure (D:5)
  5 kobold brigands
  Blork the orc (D:4)
  A gnoll sergeant (D:11)
  9 bullfrogs
  2 necrophages
  8 scorpions
  Dowan (D:4)
  5 wights (D:9)
  5 killer bees (D:11)
  A howler monkey (D:6)
  A jelly (D:6)
  3 gnoll boudas
  19 orc priests
  3 iguanas
  16 orc wizards
  A boggart skeleton (D:15)
  10 hell rats
  Robin (D:4)
  7 adders
  23 gnolls
  15 river rats (Lair:3)
  A shadow imp (D:5)
  A white imp (D:8)
  4 worms
  4 dart slugs
  46 orcs
  5 ball pythons
  A bat (D:1)
  5 endoplasms
  4 giant cockroaches
  15 goblins
  11 hobgoblins
  2 jackals (D:5)
  8 quokkas
  2 frilled lizards
  26 kobolds
  28 rats
670 creatures vanquished.

Vanquished Creatures (collateral kills)
  A two-headed ogre (Orc:2)
  A vault guard (D:13)
  2 ugly things (D:15)
  A centaur skeleton (D:15)
  2 basilisks
  3 redbacks (Spider:1)
  3 ogres (D:13)
13 creatures vanquished.

Vanquished Creatures (others)
  A human (D:13)
  A centaur (D:14)
  A bush (Lair:5)
  7 fungi
  19 plants
29 creatures vanquished.

Grand Total: 712 creatures vanquished

Notes
Turn   | Place    | Note
-------+----------+-------------------------------------------
     0 | D:1      | croobank the Demigod Ice Elementalist began the quest for
                  | the Orb.
     0 | D:1      | Reached XP level 1. HP: 14/14 MP: 5/5
    80 | D:1      | Found Tiugyl's General Store.
   119 | D:1      | Reached skill level 2 in Stealth
   314 | D:1      | Reached XP level 2. HP: 20/20 MP: 2/7
   400 | D:1      | Found Foloh's Book Emporium.
   635 | D:1      | Found Caphyif's Weapon Boutique.
  1124 | D:1      | Found Duty's Book Shop.
  1241 | D:2      | Reached XP level 3. HP: 19/27 MP: 1/8
  1399 | D:1      | Found Ymohoa Coso's Armour Shoppe.
  2064 | D:2      | Reached skill level 1 in Fighting
  2164 | D:2      | Learned a level 3 spell: Frozen Ramparts
  2565 | D:3      | Reached XP level 4. HP: 35/35 MP: 5/10
  2577 | D:3      | Learned a level 3 spell: Ozocubu's Armour
  3052 | D:4      | Noticed Blork the orc
  3060 | D:4      | Killed Blork the orc
  3061 | D:4      | Reached XP level 5. HP: 41/41 MP: 0/11
  3182 | D:4      | Noticed a centaur
  3191 | D:4      | Killed a centaur
  3192 | D:4      | Reached skill level 3 in Stealth
  3803 | D:4      | Noticed Dowan
  3804 | D:4      | Noticed Duvessa
  3814 | D:4      | Killed Duvessa
  3815 | D:4      | Reached XP level 6. HP: 25/51 MP: 3/13
  3815 | D:4      | Killed Dowan
  3833 | D:4      | Noticed Robin
  4431 | D:4      | Killed Robin
  5041 | D:1      | Bought a scroll of identify for 24 gold pieces
  5041 | D:1      | Bought a scroll of identify for 24 gold pieces
  5063 | D:1      | Learned a level 4 spell: Hailstorm
  5358 | D:5      | Entered Level 5 of the Dungeon
  5372 | D:5      | Reached XP level 7. HP: 44/57 MP: 3/14
  5662 | D:5      | Reached skill level 1 in Conjurations
  5799 | D:5      | Noticed Pikel
  5843 | D:5      | Noticed a shadow
  5848 | D:5      | Killed Pikel
  5849 | D:5      | Reached skill level 4 in Stealth
  5849 | D:5      | Reached skill level 5 in Ice Magic
  5849 | D:5      | Reached XP level 8. HP: 65/66 MP: 7/17
  7127 | D:6      | Reached skill level 5 in Stealth
  7331 | D:6      | Noticed zeram's ghost (amateur GnNe)
  7341 | D:6      | Found a transporter.
  7364 | D:6      | Identified the +1 leather armour "Tuineur" {+Inv rElec rC+
                  | rN+}
  7508 | D:6      | Found a transporter.
  7572 | D:6      | Noticed Sigmund
  7583 | D:6      | Killed Sigmund
  8172 | D:6      | Reached XP level 9. HP: 73/73 MP: 8/19
  8428 | D:7      | Reached skill level 5 in Fighting
  8603 | D:7      | Reached skill level 5 in Dodging
  8653 | D:7      | Reached skill level 1 in Axes
  8942 | D:7      | Reached skill level 1 in Armour
  8999 | D:7      | Found a staircase to the Ecumenical Temple.
 10477 | D:1      | Bought the +2 pair of boots of Aptaq {Int+4 SInv} for 477
                  | gold pieces
 11275 | D:9      | Reached skill level 1 in Shields
 11333 | D:9      | Reached skill level 5 in Spellcasting
 11488 | D:9      | Noticed a two-headed ogre
 11495 | D:9      | Learned a level 4 spell: Summon Ice Beast
 11507 | D:9      | Killed a two-headed ogre
 11508 | D:9      | Reached skill level 6 in Stealth
 11508 | D:9      | Reached XP level 10. HP: 80/82 MP: 7/21
 11720 | D:9      | Noticed Psyche
 11737 | D:9      | Killed Psyche
 11990 | D:9      | Reached skill level 1 in Summonings
 12088 | D:9      | Found Xushede's Antique Armour Emporium.
 12773 | D:10     | Entered Level 10 of the Dungeon
 13928 | D:11     | Noticed a two-headed ogre
 13948 | D:11     | Killed a two-headed ogre
 14255 | D:12     | Noticed a cyclops
 14271 | D:11     | Noticed a deep elf zephyrmancer
 14282 | D:11     | Noticed a wizard
 14289 | D:11     | Killed a wizard
 14289 | D:11     | Noticed a deep elf pyromancer
 14528 | D:11     | Killed a deep elf zephyrmancer
 14529 | D:11     | Reached XP level 11. HP: 43/89 MP: 1/23
 14534 | D:11     | Killed a deep elf pyromancer
 14535 | D:11     | Reached skill level 5 in Axes
 14743 | D:11     | Noticed a deep elf pyromancer
 14755 | D:11     | Killed a deep elf pyromancer
 14963 | D:11     | Got the Anthology of Axaxaxas mlö
 14970 | D:11     | Got the Folio of Combed Thunderclap
 14977 | D:11     | Learned a level 5 spell: Freezing Cloud
 14997 | D:11     | Got the Catalogue of Plaster Cramp
 15075 | D:11     | Reached skill level 5 in Conjurations
 15362 | D:11     | Found a staircase to the Lair.
 15456 | D:11     | Noticed a seven-headed hydra
 15463 | D:11     | Killed a seven-headed hydra
 15464 | D:11     | Reached skill level 1 in Air Magic
 15931 | D:11     | Noticed a boulder beetle
 15972 | D:11     | Killed a boulder beetle
 16296 | D:11     | Reached skill level 7 in Stealth
 17054 | Lair:1   | Entered Level 1 of the Lair of Beasts
 17669 | Lair:1   | Identified a scroll of acquirement
 17681 | Lair:1   | Acquired a +2 vampiric demon trident
 18889 | Lair:2   | Found a staircase to the Shoals.
 18951 | Lair:2   | Reached XP level 12. HP: 97/97 MP: 23/25
 18994 | Lair:2   | Found a hole to the Spider Nest.
 21006 | Lair:3   | Noticed a six-headed hydra
 21023 | Lair:3   | Killed a six-headed hydra
 22203 | Lair:4   | Found a staircase to the Slime Pits.
 22763 | Lair:5   | Entered Level 5 of the Lair of Beasts
 22793 | Lair:5   | Reached skill level 8 in Stealth
 23094 | Lair:5   | Noticed a five-headed hydra
 23104 | Lair:5   | Killed a five-headed hydra
 23398 | Lair:5   | Noticed a four-headed hydra
 23404 | Lair:5   | Killed a four-headed hydra
 23524 | Lair:5   | Noticed a catoblepas
 23963 | Lair:5   | Identified the +1 mace "Horuju" {vorpal, *Corrode rF+
                  | Str+3}
 23973 | Lair:5   | Noticed a boulder beetle
 23998 | Lair:5   | Killed a boulder beetle
 24499 | Lair:5   | Killed a catoblepas
 24500 | Lair:5   | Reached XP level 13. HP: 107/107 MP: 21/28
 26764 | D:12     | Reached skill level 5 in Air Magic
 26764 | D:12     | Found Fyph's Weapon Shoppe.
 26764 | D:12     | Found a staircase to the Orcish Mines.
 26772 | D:12     | Found Bunni's Armour Shoppe.
 28746 | Orc:1    | Entered Level 1 of the Orcish Mines
 28996 | Orc:1    | Reached skill level 1 in Polearms
 29337 | Orc:1    | Reached skill level 9 in Stealth
 30115 | Orc:2    | Entered Level 2 of the Orcish Mines
 30496 | Orc:2    | Noticed Saint Roka
 30828 | Orc:2    | Paralysed by an ogre mage for 5 turns
 31382 | Orc:2    | Found a staircase to the Elven Halls.
 31994 | Orc:2    | Reached XP level 14. HP: 92/114 MP: 12/30
 32019 | Orc:2    | Killed Saint Roka
 32471 | Orc:2    | Found Talabryd's Book Boutique.
 32473 | Orc:2    | Found Gihutsuc's General Store.
 32476 | Orc:2    | Found Zyekearph's Antique Weapon Boutique.
 32878 | Orc:2    | Bought a potion of haste for 150 gold pieces
 32894 | Orc:2    | Bought a book of the Wilderness for 532 gold pieces
 32917 | Orc:2    | Found Eraffetzu's Antique Armour Boutique.
 33817 | D:15     | Entered Level 15 of the Dungeon
 34726 | D:13     | Learned a level 1 spell: Slow
 34732 | D:13     | Learned a level 5 spell: Irradiate
 35194 | D:13     | Reached skill level 1 in Hexes
 35396 | D:13     | Found the +8 Wrath of Trog {antimagic, *Rage Rampage}
 35545 | D:13     | Noticed Lodul
 35551 | D:13     | Killed Lodul
 36374 | D:13     | Found a gate to the Vaults.
 37280 | D:14     | Noticed Rupert
 37300 | D:14     | Killed Rupert
 37989 | D:15     | Identified Roxanne's Incunable of Shapes
 37989 | D:15     | Noticed Roxanne
 38274 | D:15     | Killed Roxanne
 38809 | D:15     | Reached skill level 5 in Summonings
 39619 | D:15     | Reached skill level 10 in Stealth
 39950 | D:15     | Found a staircase to the Depths.
 40435 | Spider:1 | Entered Level 1 of the Spider Nest
 40441 | Lair:2   | Reached XP level 15. HP: 124/124 MP: 24/32
 40446 | Lair:2   | Learned a level 4 spell: Olgreb's Toxic Radiance
 41503 | Spider:1 | Reached skill level 1 in Poison Magic
 41778 | Lair:2   | Gained mutation: Your spells are a little easier to cast,
                  | but a little less powerful. [mutagenic glow]
 42201 | Spider:1 | Mangled by a broodmother

Illustrated notes

Levels and vault maps discovered:
D:1:      wander_arrival_peaceful_grave, layout_loops_ring, serial_shops,
          nicolae_shop_waterfront, shop, nicolae_square_shop, shop,
          nicolae_shop_waterfront, hex_tiny, minmay_rat_gold_closets
D:2:      layout_basic, ebering_ecumenical_altar_rust, basic_altar
D:3:      wander_river, layout_rooms, general_overflow_altar,
          amcnicky_altar_gilded
D:4:      layout_loops_corners, uniq_duvessa, uniq_blork_the_orc, uniq_robin
D:5:      layout_cave_pods, mainiacjoe_overflow_catwalk, uniq_pikel
D:6:      layout_loops_corners, fedhas_altar_fruit_tree,
          gammafunk_ghost_stat_death, uniq_sigmund
D:7:      layout_basic, minmay_temple_entry_mist
D:8:      layout_basic, serial_glass, glass_columns_a, glass_columns_c
D:9:      layout_basic, serial_shops, shop, uniq_psyche
D:10:     layout_gridville
D:11:     layout_roguey, erik_lair_orcish_takeover, bh_hangedman_babel_library
D:12:     layout_roguey, orc_david_3, st_stairs_14
D:13:     layout_stronghold, ximxim_vaults_locker_room, serial_rivers,
          chequers_serial_rivers_micro_d, chequers_serial_rivers_small_b,
          chequers_serial_rivers_room_a, chequers_serial_rivers_micro_c,
          chequers_serial_rivers_large_a, minmay_guarded_unrand_wrath_of_trog,
          uniq_lodul
D:14:     layout_roguey, chequers_garden, hangedman_decor_diamond_cutter,
          drop_trap, uniq_rupert
D:15:     grunt_enter_depths_magical_seal, layout_long_grid, serial_park_square1
          [serial_park_minivault_5x5_8], nicolae_ru_awakened_eye, uniq_roxanne
Lair:1:   layout_hall_layers, grunt_megastairs_4
Lair:2:   layout_cave_shapes, shoals_dummy_entry,
          nicolae_spider_entry_non_spiders
Lair:3:   lemuel_ratsnest, layout_loops_ring, serial_bayou_pond_e, st_stairs_6,
          grunt_megastairs_5, infiniplex_staircase_pool_2
Lair:4:   layout_gridlike, minmay_slime_entry_oklob_open
Lair:5:   evilmike_catoblepas_cave, layout_gridlike, nzn_sisyphean_effort
Spider:1: layout_spider_delve, hellmonk_spider_spawner
Orc:1:    hellmonk_paralyzer, layout_diamond_mine
Orc:2:    grunt_orc_cross, layout_caves, uniq_saint_roka

Skill      XL: |  1  2  3  4  5  6  7  8  9 10 11 12 13 14 15 |
---------------+----------------------------------------------+-----
Stealth        | 2 3 4 5 6 7 8 9 10 | 10.2
Dodging        | 2 3 4 5 6 7 8 9 |  9.3
Spellcasting   | 2 3 4 5 6 7 8 |  8.6
Ice Magic      | 4 5 6 7 8 9 |  9.9
Fighting       | 1 2 3 4 5 6 7 8 9 |  9.4
Conjurations   | 2 3 4 5 6 7 8 |  8.6
Axes           | 3 4 6 8 9 |  9.5
Armour         | 2 3 |  3.0
Shields        | 1 3 |  3.0
Summonings     | 2 3 5 |  5.9
Air Magic      | 2 4 5 6 |  6.8
Polearms       | 2 3 |  3.3
Hexes          | 2 3 |  3.0
Poison Magic   | 1 |  1.5

Action                   |  1- 3 |  4- 6 |  7- 9 | 10-12 | 13-15 || total
-------------------------+-------+-------+-------+-------+-------++-------
Melee: Unarmed           |    15 |       |       |       |       ||    15
       Short sword       |    18 |    13 |       |       |    21 ||    52
       Hand axe          |       |    52 |   147 |   150 |       ||   349
       Punch             |       |     1 |     3 |     1 |       ||     5
       Dagger            |       |       |       |     8 |       ||     8
       War axe           |       |       |       |    60 |       ||    60
       Trident           |       |       |       |    22 |       ||    22
       Demon trident     |       |       |       |   268 |   617 ||   885
       Battleaxe         |       |       |       |       |    23 ||    23
Throw: Dart              |       |     6 |       |     4 |     1 ||    11
       Javelin           |       |       |     2 |     5 |     2 ||     9
 Cast: Freeze            |    78 |    20 |    31 |    12 |    18 ||   159
       Frozen Ramparts   |     1 |    17 |    37 |    72 |    39 ||   166
       Ozocubu's Armour  |       |    14 |    40 |    76 |    62 ||   192
       Hailstorm         |       |       |    25 |    61 |    79 ||   165
       Summon Ice Beast  |       |       |     1 |    11 |    19 ||    31
       Freezing Cloud    |       |       |       |     2 |   168 ||   170
       Slow              |       |       |       |       |     3 ||     3
       Irradiate         |       |       |       |       |    11 ||    11
 Abil: Evoke Invisibilit |       |       |       |     1 |       ||     1
Evoke: Wand              |       |       |     1 |    25 |     6 ||    32
  Use: Potion            |     1 |       |     3 |     3 |     9 ||    16
       Scroll            |       |    15 |     5 |    19 |     9 ||    48
 Stab: Sleeping          |     9 |     6 |     1 |     3 |     5 ||    24
       Paralysed         |       |       |       |     9 |     3 ||    12
       Distracted        |       |       |       |       |     6 ||     6
       Invisible         |       |       |       |       |     4 ||     4
Armor: Robe              |     9 |    32 |    31 |       |       ||    72
       Skin              |       |       |    36 |       |       ||    36
       Leather armour    |       |       |    54 |   212 |   319 ||   585
Dodge: Dodged            |    48 |    75 |   152 |   439 |   939 ||  1653
Block: Buckler           |       |       |       |   139 |   346 ||   485
